 Dungeon Crawl Stone Soup version 0.31.0-32-g396128a36d (webtiles) character file.

Game seed: 3206285622783209602

96 Logoto the Trooper (level 4, -5/41 HPs)
             Began as a Hill Orc Fighter on Mar 18, 2024.
             Slain by Sigmund
             ... wielding a +4 scythe
              (14 damage)
             ... on level 2 of the Dungeon.
             The game lasted 00:02:26 (822 turns).

Logoto the Trooper (Hill Orc Fighter)                Turns: 822, Time: 00:02:27

Health: -5/41      AC:  7    Str: 20    XL:     4   Next: 67%
Magic:  4/4        EV:  9    Int:  8    God:
Gold:   60         SH:  4    Dex: 10    Spells: 3/3 levels left

rFire   . . .        k - +0 spear (vamp)
rCold   . . .        c - +0 buckler
rNeg    . . .        b - +0 scale mail
rPois   .            (no helmet)
rElec   .            (no cloak)
rCorr   .            (no gloves)
SInv    .            (no boots)
Will    .....        (no amulet) Stlth
                     (no ring)
HPRegen 0.26/turn    (no ring)
MPRegen 0.09/turn

%: no passive effects
@: no status effects
A: no striking features
a: no special abilities


You were on level 2 of the Dungeon.
You visited 1 branch of the dungeon, and saw 2 of its levels.

You collected 60 gold pieces.

Inventory:

Hand Weapons
 a - a +0 war axe
 k - a +0 vampiric spear (weapon)
Missiles
 j - 2 poisoned darts (quivered)
Armour
 b - a +0 scale mail (worn)
 c - a +0 buckler (worn)
Jewellery
 m - a ring of ice
 n - an amulet of magic regeneration
Scrolls
 e - a scroll of silence {unknown}
 g - 2 scrolls of identify {unknown}
 h - 2 scrolls of poison {unknown}
Potions
 d - a potion of might
 f - a potion of curing {unknown}
 i - 2 potions of enlightenment {unknown}
 l - a potion of haste {unknown}


   Skills:
 + Level 4.4 Fighting
 + Level 3.6(3.8) Axes
 + Level 1.2(2.2) Polearms
 + Level 4.1 Armour
 + Level 3.8 Shields


You had 3 spell levels left.
You didn't know any spells.
Your spell library contained the following spells:

 Spells                   Type           Power      Damage    Failure   Level
 Cigotuvi's Dreadful Rot  Necr/Alch/Air  0%         N/A       92%         2
 Ignite Poison            Fire/Alch      0%         N/A       100%        4
 Freezing Cloud           Conj/Ice/Air   0%         6-21      100%        5


Dungeon Overview and Level Annotations

Branches:
Dungeon (2/15)

Altars:

Annotations:
D:2 Sigmund


Message History

The goblin is severely wounded.
You block the goblin's attack.
You barely miss the goblin.
The goblin is severely wounded.
You block the goblin's attack.
You closely miss the goblin.
The goblin is severely wounded.
The goblin closely misses you.
You miss the goblin.
The goblin is severely wounded.
The goblin hits you but does no damage.
You hit the goblin.
You feel better.
You kill the goblin!
Things that are here:
a +0 club; a goblin corpse
Okay, then.
A rat comes into view.
The rat squeaks loudly.
Sigmund the Dreaded comes into view.
He is wielding a +4 scythe.
Found 12 gold pieces.
Sigmund shouts!
You reach to attack!
You puncture the rat!
You kill the rat!
Sigmund gestures wildly while chanting.
Sigmund flickers and vanishes!
Deactivating autopickup; reactivate with Ctrl-A.
No target in view!
No target in view!
Something hits you!
You completely miss something. Something hits you.
You miss something. Something hits you!
You miss something. You miss something.
You hear some strange, mumbled words.
A puff of flame appears from out of thin air!
The puff of flame hits you!
You miss something. Something hits you.
* * * LOW HITPOINT WARNING * * *
You completely miss something. Something hits you!
You die...

########.### #.........
#+# #.######.# #.#
......... #.# .........
#####.##############.
####............# #...
...............^#####...
.......@................
####..†{#######†).......
#....# #.######## #.....
#...### # .......
###...#### ......$..
###..... ..........
###### #.........# # #


There were no monsters in sight!

Vanquished Creatures
  Natasha (twice) (D:2)
  An adder (D:2)
  A ribbon worm (D:2)
  5 endoplasms (D:1)
  2 goblins
  6 hobgoblins
  3 kobolds
  2 quokkas (D:1)
  3 ball pythons (D:1)
  2 frilled lizards
  7 rats
34 creatures vanquished.

Notes
Turn   | Place    | Note
-------+----------+-------------------------------------------
     0 | D:1      | Logoto the Hill Orc Fighter began the quest for the Orb.
     0 | D:1      | Reached XP level 1. HP: 19/19 MP: 1/1
    94 | D:1      | Reached XP level 2. HP: 21/27 MP: 2/2
   415 | D:1      | Reached XP level 3. HP: 33/33 MP: 3/3
   537 | D:2      | Noticed Natasha
   545 | D:2      | Killed Natasha
   554 | D:2      | Noticed Natasha
   565 | D:2      | Killed Natasha
   566 | D:2      | Reached skill level 1 in Polearms
   566 | D:2      | Reached XP level 4. HP: 24/41 MP: 4/4
   808 | D:2      | Noticed Sigmund
   822 | D:2      | Slain by Sigmund

Illustrated notes

Levels and vault maps discovered:
D:1:      eino_arrival_water_cross, layout_rooms, chequers_decorated_corner
D:2:      layout_basic, uniq_sigmund, uniq_natasha

Skill      XL: |  1  2  3  4 |
---------------+-------------+-----
Fighting       | 4 |  4.4
Axes           | 3 |  3.6
Polearms       | 1 |  1.2
Armour         | 4 |  4.1
Shields        | |  3.8

Action                     |  1- 3 |  4- 6 || total
---------------------------+-------+-------++-------
  Melee: War axe           |    34 |       ||    34
         Spear             |    35 |    56 ||    91
 Armour: Scale mail        |    31 |    39 ||    70
  Dodge: Dodged            |    25 |    23 ||    48
  Block: Buckler           |    11 |    15 ||    26
